 Dungeon Crawl Stone Soup version 0.25-a0-589-g1e14c549ee (webtiles) character file.

Game seed: 17932680086487106118, levelgen mode: deterministic

14 Forecaster the Sneak (level 2, -2/22 HPs)
             Began as a Naga Wizard on Mar 9, 2020.
             Slain by a jackal (3 damage)
             ... on level 1 of the Dungeon.
             The game lasted 00:01:52 (409 turns).

Forecaster the Sneak (Naga Wizard)                   Turns: 409, Time: 00:01:53

Health: -2/22      AC:  1    Str:  9    XL:     2   Next: 41%
Magic:  0/6        EV: 10    Int: 18    God:
Gold:   28         SH:  0    Dex:  9    Spells: 2/7 levels left

rFire    . . .     SeeInvis +   h - +0 dagger
rCold    . . .     Gourm    .   (no shield)
rNeg     . . .     Faith    .   e - +0 robe (curse)
rPois    +         Spirit   .   b - +0 hat
rElec    .         Reflect  .   (no cloak)
rCorr    .         Harm     .   (no gloves)
MR       .....                  (no barding)
Stlth    ++........             (no amulet)
HPRegen  0.07/turn              (no ring)
MPRegen  0.10/turn              (no ring)

@: very slow
A: large, see invisible, deformed body, poison resistance, slowness 2, slow
metabolism 1, spit poison 1, AC +0
a: Spit Poison


You were on level 1 of the Dungeon.
You were not hungry.

You visited 1 branch of the dungeon, and saw 1 of its levels.

You collected 28 gold pieces.

Inventory:

Hand Weapons
 h - a +0 dagger (weapon)
 n - a +0 whip of venom
Armour
 a - a +0 robe
 b - a +0 hat (worn)
 e - a cursed +0 robe (worn)
 g - a +0 leather armour
Scrolls
 c - a scroll of remove curse {unknown}
 i - a scroll of fog {unknown}
 l - a scroll of noise {unknown}
 m - a scroll of identify {unknown}
Potions
 f - a potion of degeneration {unknown}
 j - a potion of might {unknown}
 k - 2 potions of lignification {unknown}
Comestibles
 d - 2 rations


   Skills:
 + Level 1.6 Dodging
 + Level 3.5 Stealth
 + Level 3.4 Spellcasting
 + Level 1.0 Conjurations
 + Level 1.0 Summonings
 + Level 1.0 Translocations


You had 2 spell levels left.
You knew the following spells:

 Your Spells              Type           Power        Failure   Level  Hunger
a - Magic Dart            Conj           #...         11%         1    None
b - Call Imp              Summ           #.......     16%         2    ##.....
c - Blink                 Tloc           N/A          16%         2    ##.....

Your spell library contained the following spells:

 Spells                   Type           Power        Failure   Level  Hunger
 Slow                     Hex            #.......     24%         2    ##.....
 Conjure Flame            Conj/Fire      #.......     36%         3    ###....
 Mephitic Cloud           Conj/Pois/Air  #.......     38%         3    ###....


Dungeon Overview and Level Annotations

Branches:
Dungeon (1/15)

Altars:


Innate Abilities, Weirdness & Mutations

You cannot wear boots.
Your serpentine skin is tough. (AC +0)
You have supernaturally acute eyesight. (SInv)
Armour fits poorly on your strangely shaped body.
Your system is resistant to poisons. (rPois)
You cover ground very slowly.
You have a slow metabolism.
You can spit poison.


Message History

The bat hits you but does no damage.
The jackal bites you but does no damage.
The bat hits you but does no damage. The jackal bites you.
* * * LOW HITPOINT WARNING * * *
The bat closely misses you. The bat hits you.
* * * LOW HITPOINT WARNING * * *
The bat closely misses you.
Your crimson imp barely misses the bat.
The jackal closely misses you.
You hit the jackal but do no damage. The bat hits you.
* * * LOW HITPOINT WARNING * * *
The bat hits you but does no damage.
Your crimson imp closely misses the jackal.
The jackal closely misses you. The bat hits you.
* * * LOW HITPOINT WARNING * * *
The bat barely misses you.
You hit the jackal but do no damage. The bat barely misses you.
The bat hits you.
* * * LOW HITPOINT WARNING * * *
The jackal bites you.
You die...

..#.... #.#.#.# # #
##.#.....###.#.#.#### #.
......#............. .
#.# #..#.#####.#.......
..#...#..#.##.##.........
....#.#.......####.######
.....)††5.....####.#
....†..hb#.......#.#
....###.@...#....#.# ...
+.......#....#.# .
##..b...#....#.#
#.........#.#.######
#.##......#.#.#.....
#.##......#.#.#.....
#.>.......#.#.#.....
#####.......#.#.....
###+#.....####'#


You could see a jackal, 2 bats and a friendly crimson imp.

Vanquished Creatures
  A dart slug (D:1)
  2 goblins (D:1)
  A hobgoblin (D:1)
  A ball python (D:1)
  A bat (D:1)
  A kobold (D:1)
  A rat (D:1)
8 creatures vanquished.

Vanquished Creatures (collateral kills)
  A dart slug (D:1)
  A hobgoblin (D:1)
  A jackal (D:1)
  A kobold (D:1)
  A frilled lizard (D:1)
5 creatures vanquished.

Grand Total: 13 creatures vanquished

Notes
Turn   | Place    | Note
-------+----------+-------------------------------------------
     0 | D:1      | Forecaster the Naga Wizard began the quest for the Orb.
     0 | D:1      | Reached XP level 1. HP: 15/15 MP: 4/4
   239 | D:1      | Reached XP level 2. HP: 19/22 MP: 4/6
   243 | D:1      | Learned a level 2 spell: Call Imp
   246 | D:1      | Learned a level 2 spell: Blink
   408 | D:1      | HP: 1/22 [bat (1)]
   409 | D:1      | Slain by a jackal

Levels and vault maps discovered:
D:1:      scummos_arrival_forest, layout_basic, serial_bayou_pond_a

Action                   || total
-------------------------++-------
Melee: Dagger            ||    21
 Cast: Magic Dart        ||    15
       Call Imp          ||     2
 Stab: Sleeping          ||     1
Armor: Robe              ||    12
Dodge: Dodged            ||    28

Table legend:
 A = Non-vault XP
 B = Vault XP
 C = Vault XP percentage of total XP
 D = Non-vault monster count
 E = Vault monster count
 F = Vault count percentage of total count
                 A         B        C        D         E       F
            +---------+---------+-------+---------+---------+-------
      Total |      20 |       0 |   0.0 |      13 |       0 |   0.0
            +---------+---------+-------+---------+---------+-------
        D:1 |      20 |       0 |   0.0 |      13 |       0 |   0.0
            +---------+---------+-------+---------+---------+-------
